 Dungeon Crawl Stone Soup version 0.22.1-1-ga44c0e5 (webtiles) character file.

371 Fang the Chopper (level 6, -1/58 HPs)
             Began as a Gargoyle Berserker on Oct 2, 2018.
             Was an Elder of Trog.
             Splashed by a jelly's acid (3 damage)
             ... on level 5 of the Dungeon.
             The game lasted 00:03:36 (3260 turns).

Fang the Chopper (Gargoyle Berserker)               Turns: 3260, Time: 00:03:37

Health: -1/58      AC:  6    Str: 28    XL:     6   Next: 70%
Magic:  6/6        EV: 12    Int:  7    God:    Trog [****..]
Gold:   157        SH:  0    Dex:  9    Spells: 5/5 levels left

rFire    . . .     SeeInvis .   a - +0 hand axe
rCold    . . .     Gourm    .   (no shield)
rNeg     + . .     Faith    .   b - +0 animal skin
rPois    ∞         Spirit   .   (no helmet)
rElec    +         Reflect  .   p - scarf {cloud immunity}
rCorr    .         Harm     +   (no gloves)
MR       .....                  (no boots)
Stlth    ..........             s - amulet of harm
HPRegen  0.19/turn              (no ring)
MPRegen  0.10/turn              (no ring)

@: berserking (expiring), very quick
A: negative energy resistance 1, electricity resistance, unbreathing,
petrification resistance, rot immunity, AC +4
a: Berserk, Trog's Hand, Brothers in Arms, Renounce Religion


You were on level 5 of the Dungeon.
You worshipped Trog.
Trog was greatly pleased with you.
You were very hungry.

You visited 1 branch of the dungeon, and saw 4 of its levels.

You collected 157 gold pieces.

Inventory:

Hand Weapons
 a - a +0 hand axe (weapon)
Armour
 b - a +0 animal skin (worn)
 p - a scarf of cloud immunity (worn)
Jewellery
 s - an amulet of harm (around neck)
Scrolls
 e - a scroll of magic mapping {unknown}
 i - 2 scrolls of enchant armour {unknown}
 m - 2 scrolls of identify {unknown}
 o - a scroll of remove curse {unknown}
 r - a scroll of vulnerability {unknown}
Potions
 d - 2 potions of mutation {unknown}
 f - a potion of flight {unknown}
 g - a potion of cancellation {unknown}
 h - a potion of heal wounds {unknown}
 j - a potion of agility {unknown}
 k - a potion of haste {unknown}
 l - a potion of lignification {unknown}
 n - a potion of invisibility {unknown}
Comestibles
 c - 4 rations
 q - a chunk of flesh


   Skills:
 + Level 4.5 Fighting
 + Level 5.2 Axes
 + Level 2.3 Armour
 + Level 3.0 Dodging
 + Level 1.1 Stealth


You had 5 spell levels left.
You didn't know any spells.
Your spell library was empty.

Dungeon Overview and Level Annotations

Branches:
Dungeon (3/15)

Altars:
Cheibriados


Innate Abilities, Weirdness & Mutations

You are resistant to torment.
Your stone body is resilient. (AC +4)
You are immune to poison.
You resist negative energy. (rN+)
You are resistant to electric shocks. (rElec)
You can survive without breathing.
You are immune to petrification.
You are immune to rotting.


Message History

The orc priest invokes the aid of Beogh against you.
Beogh smites you!
* * * LOW HITPOINT WARNING * * *
Unknown command.
You slash the orc priest!
The orc priest is severely wounded.
You slash the orc!
You kill the orc!
Trog accepts your kill. The orc priest misses you.
Unknown command.
You slash the orc priest!
You kill the orc priest!
Trog accepts your kill.
Your Dodging skill increases to level 3!
Things that are here:
a short sword; a leather armour; an orc corpse You feel a strong urge to attack something.
You slash the jelly!
Your hands burn!
You die...

#............##'##
#.#.#.............
#.#.#.......####.#
#.#.#....... #....
######.#.#....... #....
#.....)..#<...... #....
#........#......# #....
#.....))...............
#....J@.##.... ####...
#............. ....
#.......###### #....
#.......# ..#.#
#.......# .#..
#........ ....
#####.... .... #.....
.... #...


You could see a jelly.

Vanquished Creatures
  A crimson imp (D:5)
  2 orc priests (D:5)
  Jessica (D:2)
  2 orc wizards
  9 adders
  An ooze (D:2)
  3 worms
  2 dart slugs
  3 leopard geckos
  11 orcs
  2 ball pythons
  8 bats
  5 giant cockroaches
  11 goblins
  12 hobgoblins
  12 jackals
  2 frilled lizards
  4 kobolds
  A quokka zombie (D:5)
  7 rats
99 creatures vanquished.

Notes
Turn   | Place    | Note
-------+----------+-------------------------------------------
     0 | D:1      | Fang the Gargoyle Berserker began the quest for the Orb.
     0 | D:1      | Reached XP level 1. HP: 14/14 MP: 1/1
    53 | D:1      | Reached XP level 2. HP: 16/19 MP: 2/2
    96 | D:1      | Reached skill level 3 in Axes
   366 | D:1      | Reached XP level 3. HP: 22/23 MP: 3/3
   576 | D:1      | Reached ** piety under Trog
  1275 | D:2      | Found a snail-covered altar of Cheibriados.
  1328 | D:2      | Reached XP level 4. HP: 21/29 MP: 4/4
  1590 | D:2      | Noticed Jessica
  1599 | D:2      | Killed Jessica
  1599 | D:2      | Reached skill level 4 in Axes
  1827 | D:2      | Reached XP level 5. HP: 25/33 MP: 5/5
  2165 | D:3      | Reached *** piety under Trog
  2815 | D:3      | Reached XP level 6. HP: 39/39 MP: 6/6
  2960 | D:3      | You fall through a shaft for 2 floors!
  2960 | D:5      | Entered Level 5 of the Dungeon
  3040 | D:5      | Reached **** piety under Trog
  3044 | D:5      | Reached skill level 5 in Axes
  3044 | D:5      | Reached skill level 1 in Stealth
  3255 | D:5      | HP: 2/58 [orc priest/divine providence (12)]
  3260 | D:5      | Splashed by a jelly's acid

Skill      XL: |  1  2  3  4  5  6 |
---------------+-------------------+-----
Axes           | 3 4 5 |  5.2
Dodging        | 2 3 |  3.0
Fighting       | 4 |  4.5
Stealth        | 1 |  1.1
Armour         | |  2.3

Action                   |  1- 3 |  4- 6 || total
-------------------------+-------+-------++-------
Melee: Hand axe          |    98 |   239 ||   337
Invok: Berserk           |     1 |     6 ||     7
 Stab: Distracted        |       |     2 ||     2
  Eat: Chunk             |     2 |    11 ||    13
Armor: Animal skin       |    38 |    89 ||   127
Dodge: Dodged            |    77 |   168 ||   245
